 Dungeon Crawl Stone Soup version 0.28-a0-563-gf77a47075d (webtiles) character file.

Game seed: 2598837264566016060

163 joejoepie the Firebug (level 5, 41/41 HPs)
             Began as a Human Cinder Acolyte on Sept 28, 2021.
             Was a Priest of Ignis.
             Quit the game on level 4 of the Dungeon on Dec 6, 2021.
             The game lasted 00:20:07 (2809 turns).

joejoepie the Firebug (Human Cinder Acolyte)        Turns: 2809, Time: 00:20:08

Health: 41/41      AC:  6    Str: 14    XL:     5   Next: 72%
Magic:  6/6        EV: 11    Int: 14    God:    Ignis [***...]
Gold:   102        SH:  0    Dex: 10    Spells: 6/6 levels left

rFire   + . .      SeeInvis .   c - +2 dagger (distort)
rCold   . . .      Faith    .   (no shield)
rNeg    . . .      Spirit   .   p - +0 leather armour
rPois   .          Reflect  .   (no helmet)
rElec   .          Harm     .   (no cloak)
rCorr   .          Rampage  .   (no gloves)
Will    .....                   m - +2 pair of boots
Stlth   +.........              (no amulet)
HPRegen 0.13/turn               (no ring)
MPRegen 0.10/turn               (no ring)

@: no status effects
A: no striking features
a: Renounce Religion, Sea of Fire, Foxfire Swarm, Rising Flame


You were on level 4 of the Dungeon.
You worshipped Ignis.
Ignis was most pleased with you.
You visited 1 branch of the dungeon, and saw 4 of its levels.

You collected 102 gold pieces.

Inventory:

Hand Weapons
 a - a -1 falchion of flaming
 c - a +2 dagger of distortion (weapon)
Missiles
 d - 38 poisoned darts
 h - 7 boomerangs
 j - 33 sling bullets
Armour
 b - a +0 robe
 e - a +0 plate armour
 m - a +2 pair of boots (worn)
 p - a +0 leather armour (worn)
Jewellery
 i - a +4 ring of evasion
 l - an amulet of magic regeneration
 o - a ring of see invisible
 s - a +4 ring of slaying
Wands
 f - a wand of charming (8)
 q - a wand of iceblast (6) (quivered)
Scrolls
 k - 2 scrolls of fog
 n - a scroll of fear
 r - a scroll of teleportation
Potions
 g - 2 potions of curing
 t - a potion of flight
 u - a potion of might {unknown}


   Skills:
 + Level 3.5 Fighting
 + Level 1.4(2.7) Short Blades
 + Level 3.5(3.7) Long Blades
 + Level 2.4 Throwing
 + Level 0.8 Armour
 + Level 0.3 Dodging
 + Level 0.5 Stealth
 + Level 1.0 Spellcasting
 + Level 3.6 Fire Magic


You had 6 spell levels left.
You didn't know any spells.
Your spell library contained the following spells:

 Spells                   Type           Power      Damage    Failure   Level
 Scorch                   Fire           22%        2d6       11%         2
 Freeze                   Ice            0%         1d3       32%         1
 Frozen Ramparts          Ice            0%         1d2       67%         3
 Hailstorm                Conj/Ice       0%         3d3       97%         4


Dungeon Overview and Level Annotations

Branches:
Dungeon (4/15)
 Temple: D:4-7

Altars:


Message History

The adder barely misses you.
You hit the adder.
Space bends around the adder.
You kill the adder!
s - a +4 ring of slaying
t - a potion of flight
u - a scroll labelled CAACUBR CI PUH
As you read the scroll labelled WEFYSE PAOT, it crumbles to dust.
It is a scroll of enchant weapon.
Your +1 dagger of distortion glows red for a moment.
Blink to where?
Press: ? - help, Dir - move target
Found 5 large rocks.
As you read the scroll labelled CAACUBR CI PUH, it crumbles to dust.
It was a scroll of blinking.
h - 7 boomerangs (gained 4);
f - a wand of charming (8)
u - a fizzy blue potion
Things that are here:
a +0 mace; a hobgoblin corpse
Found a stone staircase leading down.
You open the door.
There is a stone staircase leading down here.
You open the door.
There is an open door here.
You open the door.
There is an open door here.
Done exploring.
Done exploring.
(D) Dungeon
Where to? (? - help)
There is an open door here.
There is an open door here.
There is a stone staircase leading down here.
You climb downwards.
Found a stone staircase leading down.
There is a stone staircase leading up here.
Saving game... please wait.
Welcome back, joejoepie the Human Cinder Acolyte.
The flames of Ignis gently warm you.
Press ? for a list of commands and other information.
Are you sure you want to abandon this character and quit the game? (Confirm with "yes".)

## ....### .# .#..# .
#.##..... ... .>...#...
## #.#..###......#..
... #......@...#.....##
..#
###.#.............#...#
#....#.#.....<....#
#..........#.....##
####+####..#..####
.#..# ...# ##..# #..#


There were no monsters in sight!

Vanquished Creatures
  A hound (D:3)
  An iguana (D:3)
  An orc wizard (D:1)
  A gnoll (D:3)
  2 adders
  A worm (D:2)
  3 dart slugs (D:1)
  5 orcs
  3 endoplasms
  3 giant cockroaches
  A goblin (D:3)
  5 hobgoblins
  5 ball pythons
  2 bats
  2 frilled lizards
  4 kobolds
  5 rats
45 creatures vanquished.

Vanquished Creatures (others)
  A hobgoblin (D:3)
  26 foxfires
27 creatures vanquished.

Grand Total: 72 creatures vanquished

Notes
Turn   | Place    | Note
-------+----------+-------------------------------------------
     0 | D:1      | joejoepie the Human Cinder Acolyte began the quest for the
                  | Orb.
     0 | D:1      | Reached XP level 1. HP: 18/18 MP: 2/2
   216 | D:1      | Reached XP level 2. HP: 18/24 MP: 3/3
   748 | D:1      | You fall into a shaft and drop 1 floor!
   838 | D:1      | Reached XP level 3. HP: 29/29 MP: 4/4
  1387 | D:1      | Reached skill level 1 in Throwing
  1387 | D:1      | Reached XP level 4. HP: 33/35 MP: 5/5
  1853 | D:3      | Found a faded altar of an unknown god.
  1854 | D:3      | Upgraded the game from 0.28-a0-556-gab23d0e057 to
                  | 0.28-a0-563-gf77a47075d
  2581 | D:3      | Reached skill level 1 in Short Blades
  2581 | D:3      | Reached XP level 5. HP: 38/41 MP: 6/6
  2641 | D:3      | Noticed a great orb of eyes
  2650 | D:3      | Noticed an eye of devastation
  2650 | D:3      | Noticed a shining eye
  2650 | D:3      | Noticed a golden eye
  2809 | D:4      | Quit the game

Illustrated notes

Levels and vault maps discovered:
D:1:      saegor_arrival_simple_e, layout_basic
D:2:      layout_basic, minivault_23
D:3:      minmay_diamond_boxcup, layout_basic,
          hellmonk_ecumenical_altar_watching_god
D:4:      layout_basic, kennysheep_generic_room_10, uniq_sigmund

Skill      XL: |  1  2  3  4  5 |
---------------+----------------+-----
Throwing       | 1 2 |  2.4
Short Blades   | 1 |  1.4
Fighting       | |  3.5
Long Blades    | |  3.5
Armour         | |  0.8
Dodging        | |  0.3
Stealth        | |  0.5
Spellcasting   | |  1.0
Fire Magic     | |  3.6

Action                   |  1- 3 |  4- 6 || total
-------------------------+-------+-------++-------
Melee: Dagger            |    48 |    32 ||    80
Throw: Boomerang         |    38 |     8 ||    46
       Dart              |     1 |       ||     1
Invok: Rising Flame      |     1 |       ||     1
       Foxfire Swarm     |     1 |     1 ||     2
       Sea of Fire       |     1 |       ||     1
Evoke: Wand              |       |     1 ||     1
  Use: Scroll            |     4 |     3 ||     7
       Potion            |       |     4 ||     4
 Stab: Sleeping          |     1 |       ||     1
Armor: Robe              |     4 |       ||     4
       Leather armour    |       |     7 ||     7
Dodge: Dodged            |    23 |    10 ||    33

Table legend: (Time is in decaauts)
 A = Elapsed time spent in this place.
 B = Non-inter-level travel time spent in this place.
 C = Inter-level travel time spent in this place.
 D = Time resting spent in this place.
 E = Time spent auto-exploring this place.
 F = Levels seen in this place.
 G = Mean time per level.
                   A        B        C        D        E       F      G
               +--------+--------+--------+--------+--------+-----+--------+
         Total |   2818 |   2786 |     32 |    623 |   1414 |   4 |  704.5 |
       Dungeon |   2818 |   2786 |     32 |    623 |   1414 |   4 |  704.5 |
               +--------+--------+--------+--------+--------+-----+--------+

Top non-repeatable levels by time:
     D:1: 951 daAuts
     D:2: 913 daAuts
     D:3: 669 daAuts
     D:4: 283 daAuts
